 Dungeon Crawl Stone Soup version 0.27.0-1-g7a089689b8 (webtiles) character file.

Game seed: 13954113347957834493

1 SnakkuSnakku7 the Skirmisher (level 1, -1/16 HPs)
             Began as a Vine Stalker Berserker on Aug 11, 2021.
             Was a Follower of Trog.
             Slain by a hobgoblin (3 damage)
             ... on level 1 of the Dungeon.
             The game lasted 00:00:12 (49 turns).

SnakkuSnakku7 the Skirmisher (Vine Stalker Berserker) Turns: 49, Time: 00:00:13

Health: -1/16      AC:  2    Str: 19    XL:     1   Next: 20%
Magic:  0/2        EV: 12    Int:  7    God:    Trog [*.....]
Gold:   20         SH:  0    Dex: 13    Spells: 0/0 levels left

rFire    . . .     SeeInvis .   a - +0 hand axe
rCold    . . .     Faith    .   (no shield)
rNeg     . . .     Spirit   +   b - +0 animal skin
rPois    .         Reflect  .   (no helmet)
rElec    .         Harm     .   (no cloak)
rCorr    .         Rampage  .   (no gloves)
Will     .....                  (no boots)
Stlth    ..........             (no amulet)
HPRegen  0.05/turn              (no ring)
MPRegen  0.08/turn              (no ring)

@: berserking, very quick
A: fangs 2, magic shield, antimagic bite, no potion heal 2
a: Renounce Religion, Berserk


You were on level 1 of the Dungeon.
You worshipped Trog.
Trog was aware of your devotion.
You visited 1 branch of the dungeon, and saw 1 of its levels.

You collected 20 gold pieces.

Inventory:

Hand Weapons
 a - a +0 hand axe (weapon)
Armour
 b - a +0 animal skin (worn)
Scrolls
 c - a scroll of fear {unknown}
 d - a scroll of identify {unknown}


   Skills:
 + Level 2.7 Fighting
 + Level 2.7 Axes
 - Level 1.5 Armour
 - Level 1.5 Dodging


You couldn't memorise any spells.
You didn't know any spells.
Your spell library was empty.

Dungeon Overview and Level Annotations

Branches:
Dungeon (1/15)

Altars:


Innate Abilities, Weirdness & Mutations

You have extremely sharp teeth.
When hurt, damage is shared between your health and your magic reserves.
Your bite disrupts and absorbs the magic of your enemies.
Potions cannot restore your health.


Message History

You see here a gnoll skeleton.
You open the door.
There is an open door here.
Found a stone staircase leading down.
A goblin comes into view. It is wielding a +0 dagger.
The goblin shouts!
A goblin is nearby!
Found 8 gold pieces.
Found a scroll labelled XAONUA ONISETO.
You barely miss the goblin. The goblin barely misses you.
You slash the goblin!
You kill the goblin!
Trog accepts your kill.
No target in view!
You see here a +0 dagger.
You now have 20 gold pieces (gained 8).
d - a scroll labelled XAONUA ONISETO A quokka comes into view.
Found a glowing pearl amulet and 16 stones.
A quokka is nearby!
A quokka is nearby!
A hobgoblin comes into view.
The hobgoblin shouts!
You closely miss the quokka. The quokka barely misses you.
You barely miss the hobgoblin.
You bite the hobgoblin, but do no damage.
You barely miss the quokka. The quokka misses you.
The hobgoblin barely misses you. The quokka bites you.
You hit the hobgoblin. Your bite misses the hobgoblin.
The hobgoblin is almost dead.
You miss the quokka. The hobgoblin hits you. The quokka bites you.
* * * LOW HITPOINT WARNING * * *
You are too injured to fight recklessly!
You are too injured to fight recklessly!
Unknown command.
A red film seems to cover your vision as you go berserk!
You feel yourself moving faster!
You feel mighty!
The quokka bites you but does no damage.
The hobgoblin hits you.
You die...

#.# ###. ######(##.....
#.......#"##.#..#
#............##.########
#...............##÷...÷.
#.........#.....+÷.÷.÷÷.
#.........#..##.##÷.÷.÷÷
####.#gr..#..##.##>###÷<
#.#.@..#..##.##..÷..÷
#.####....##.'.÷.÷...
#.######.....##..÷...
#......)#.#..########
#######.#.#.........
#........#......>##
#.################


You could see a quokka and a hobgoblin.

Vanquished Creatures
  A goblin (D:1)
1 creature vanquished.

Notes
Turn   | Place    | Note
-------+----------+-------------------------------------------
     0 | D:1      | SnakkuSnakku7 the Vine Stalker Berserker began the quest
                  | for the Orb.
     0 | D:1      | Reached XP level 1. HP: 11/11 MP: 2/2
    49 | D:1      | Slain by a hobgoblin

Illustrated notes

Levels and vault maps discovered:
D:1:      heliophobic_arrival_battle_scene, layout_basic,
          basic_ecumenical_altar, hangedman_feature_mirror

Action                   || total
-------------------------++-------
Melee: Hand axe          ||     5
       Bite              ||     1
Invok: Berserk           ||     1
Armor: Animal skin       ||     1
Dodge: Dodged            ||     4
